 Dungeon Crawl Stone Soup version 0.26-a0-854-gdc81c2f471 (webtiles) character file.

Game seed: 288105944866786128

57 gishou the Insei (level 3, 0/26 HPs)
             Began as a Vampire Transmuter on Nov 22, 2020.
             Slain by an adder (4 damage)
             ... on level 2 of the Dungeon.
             The game lasted 00:03:11 (827 turns).

gishou the Insei (Vampire Transmuter)                Turns: 827, Time: 00:03:11

Health: 0/26       AC:  2    Str:  9    XL:     3   Next: 73%
Magic:  3/6        EV: 12    Int: 16    God:
Gold:   98         SH:  0    Dex: 14    Spells: 3/6 levels left

rFire    . . .     SeeInvis +     - Unarmed
rCold    . . .     Faith    .   (no shield)
rNeg     . . .     Spirit   .   a - +0 robe
rPois    .         Reflect  .   (helmet currently unavailable)
rElec    .         Harm     .   (no cloak)
rCorr    .         Rampage  .   (no gloves)
MR       .....                  (boots currently unavailable)
Stlth    +.........             (no amulet)
HPRegen  0.28/turn              (no ring)
MPRegen  0.10/turn              (no ring)

@: lethally poisoned (0 -> -1), appendages (expiring), wereblooded, regenerating
quickly, drained
A: fangs 3, horns 2, talons 2, see invisible, unbreathing
a: Exsanguinate, End Transformation


You were on level 2 of the Dungeon.
You had grown temporary horns.
You had grown temporary talons.
You visited 1 branch of the dungeon, and saw 2 of its levels.

You collected 98 gold pieces.

Inventory:

Missiles
 b - 2 atropa-tipped darts (quivered)
Armour
 a - a +0 robe (worn)
Scrolls
 c - a scroll of teleportation {unknown}
 e - 3 scrolls of identify {unknown}
 f - a scroll of enchant weapon {unknown}
 g - a scroll of remove curse {unknown}
 h - a scroll of immolation {unknown}
Potions
 d - a potion of curing {unknown}
 i - 2 potions of cancellation {unknown}


   Skills:
 + Level 1.6(0.7) Fighting
 + Level 2.7(1.8) Dodging
 * Level 4.0(3.1) Unarmed Combat
 + Level 2.3(1.5) Spellcasting
 + Level 2.6(1.8) Transmutations


You had 3 spell levels left.
You knew the following spells:

 Your Spells              Type           Power        Failure   Level
a - Beastly Appendage     Tmut           #.....       11%         1
b - Wereblood             Tmut           #.......     16%         2

Your spell library contained the following spells:

 Spells                   Type           Power        Failure   Level
 Spider Form              Tmut/Pois      #.........   41%         3
 Ice Form                 Ice/Tmut       #.......     83%         4
 Blade Hands              Tmut           #.........   96%         5


Dungeon Overview and Level Annotations

Branches:
Dungeon (2/15)

Altars:


Innate Abilities, Weirdness & Mutations

Your natural rate of healing is unusually fast.
You have razor-sharp teeth.
You have supernaturally acute eyesight. (SInv)
You can survive without breathing.
You have a pair of horns on your head.
You have razor-sharp toenails.


Message History

The adder bites you.
You are poisoned.
The adder poisons you! The quokka closely misses you.
A rat comes into view.
The quokka bites you. The adder barely misses you.
You are too injured to fight recklessly!
You closely miss the quokka. You claw the quokka.
Your headbutt misses the quokka.
The quokka is severely wounded.
You feel sick. The adder barely misses you. The quokka barely misses you.
You hit the quokka but do no damage. You claw the quokka.
You kill the quokka!
The adder bites you.
* * * LOW HITPOINT WARNING * * *
You hit the adder. Your headbutt misses the adder.
The adder is heavily wounded.
The kobold hits you with a +2 short sword of electrocution.
* * * LOW HITPOINT WARNING * * *
The adder bites you.
You die...

... #.......... .......
#.....>.... .......
#.......... .......
#......#### .......##
##......# # ..r.....##
##.......#
.........###........#
......SK............#
####.@..#.........#
#........#########
#.....###....###
....(.#...#....#####
...................#####
........####....##.)....
...>.... ###...#######
....... ##..##### ..
#.......#


You could see an adder, a kobold and a rat.

Vanquished Creatures
  A shadow imp (D:2)
  2 dart slugs (D:1)
  A leopard gecko (D:2)
  6 bats
  3 giant cockroaches
  A goblin (D:1)
  2 hobgoblins (D:1)
  4 jackals (D:2)
  2 quokkas (D:2)
  A ball python (D:1)
  4 frilled lizards (D:1)
  10 kobolds
  6 rats (D:1)
43 creatures vanquished.

Notes
Turn   | Place    | Note
-------+----------+-------------------------------------------
     0 | D:1      | gishou the Vampire Transmuter began the quest for the Orb.
     0 | D:1      | Reached XP level 1. HP: 14/14 MP: 3/3
    20 | D:1      | Reached skill level 1 in Fighting
    62 | D:1      | Reached XP level 2. HP: 17/21 MP: 1/5
   102 | D:1      | Learned a level 2 spell: Wereblood
   394 | D:1      | Reached XP level 3. HP: 20/26 MP: 4/6
   670 | D:2      | Reached skill level 4 in Unarmed Combat
   827 | D:2      | Slain by an adder

Illustrated notes

Levels and vault maps discovered:
D:1:      minmay_arrival_checkered_box, layout_rooms
D:2:      layout_rooms, marbit_many_paths

Skill      XL: |  1  2  3 |
---------------+----------+-----
Fighting       | 1 |  1.6
Unarmed Combat | 4 |  4.0
Dodging        | |  2.7
Spellcasting   | |  2.3
Transmutations | |  2.6

Action                   || total
-------------------------++-------
Melee: Unarmed           ||    99
       Kick              ||    12
       Bite              ||    10
       Headbutt          ||    10
 Cast: Beastly Appendage ||    14
       Wereblood         ||     4
 Stab: Sleeping          ||     1
Armor: Robe              ||    30
Dodge: Dodged            ||    79

Table legend: (Time is in decaauts)
 A = Elapsed time spent in this place.
 B = Non-inter-level travel time spent in this place.
 C = Inter-level travel time spent in this place.
 D = Time resting spent in this place.
 E = Time spent auto-exploring this place.
 F = Levels seen in this place.
 G = Mean time per level.
                   A        B        C        D        E       F      G
               +--------+--------+--------+--------+--------+-----+--------+
         Total |    821 |    775 |     46 |    118 |    452 |   2 |  410.5 |
       Dungeon |    821 |    775 |     46 |    118 |    452 |   2 |  410.5 |
               +--------+--------+--------+--------+--------+-----+--------+

Top non-repeatable levels by time:
     D:1: 576 daAuts
     D:2: 244 daAuts
